Map: Crista de Lerilak

Players

TheZergLord - Winner!

  • Race: Zerg Zerg
  • League: Master

Cristiger

  • Race: Zerg Zerg
  • League: Master

VOD

Have the link to the VOD?

Description

Time

  • Played on: Feb. 25, 2016, 11:13 a.m.
  • Length: 3:56
Show
View Real Time Build Order
Export as new Build Order

TheZergLord Zerg - Winner!

Build Orders: Hatch First 

Get SALT Encoding   

  12  0:01  Drone  
  13  0:12  Overlord  
  13  0:18  Drone  
  14  0:31  Drone x2  
  16  0:36  Drone  
  17  0:53  Hatchery  
  17  0:56  Drone  
  17  1:09  Spawning Pool  
  17  1:11  Extractor  
  15  1:14  Drone  
  15  1:18  Drone  
  17  1:22  Drone  
  18  1:28  Drone  
  19  1:39  Overlord  
  19  2:01  Queen  
  19  2:02  Zergling x4  
  19  2:06  Queen  
  19  2:07  Baneling Nest  
  24  2:17  Spine Crawler  
  24  2:19  Zergling x2  
  24  2:22  Zergling x2  
  25  2:24  Zergling x2  
  26  2:37  Queen  
  15  3:01  Drone x3  
  15  3:03  Baneling x3  
  18  3:08  Zergling x2  
  19  3:20  Drone x2  
  21  3:27  Drone  
Show
View Real Time Build Order
Export as new Build Order

Cristiger Zerg 

Build Orders: Pool First 

Get SALT Encoding   

  12  0:01  Drone  
  13  0:15  Extractor  
  12  0:26  Spawning Pool  
  11  0:28  Drone  
  11  0:32  Drone  
  13  0:39  Drone  
  14  0:50  Overlord  
  14  1:13  Zergling x2  
  14  1:14  Zergling x4  
  14  1:16  Metabolic Boost  
  17  1:25  Zergling x2  
  18  1:35  Baneling Nest  
  18  1:37  Zergling x2  
  18  1:48  Queen  
  18  1:53  Zergling x2  
  21  2:01  Zergling x2  
  22  2:14  Overlord  
  22  2:20  Baneling  
  22  2:21  Baneling  
  22  2:36  Baneling  
  19  3:02  Zergling x2  
  19  3:03  Zergling x4  
  21  3:08  Baneling x2  
  21  3:12  Baneling  
  21  3:15  Hatchery  
  20  3:20  Drone  
  20  3:27  Drone  
  22  3:31  Baneling  
  22  3:36  Drone x2  
Tags
 
Add a new tag
Caveats
  • Supply blocks, unpowered buildings, or Contaminate may cause inaccurate times.
  • Supply counts are checked every 10 seconds.